 Dungeon Crawl Stone Soup version 0.23-a0-329-g6f3f904 (webtiles) character file.

120 Ijustatesigmund the Conjurer (level 5, -10/31 HPs)
             Began as an Octopode Wizard on Oct 16, 2018.
             Mangled by a crocodile (11 damage)
             ... in a sewer.
             The game lasted 00:05:31 (4217 turns).

Ijustatesigmund the Conjurer (Octopode Wizard)      Turns: 4217, Time: 00:05:31

Health: -10/31     AC:  1    Str:  6    XL:     5   Next: 4%
Magic:  1/9        EV: 13    Int: 21    God:
Gold:   168        SH:  0    Dex: 11    Spells: 4/10 levels left

rFire    . . .     SeeInvis .   b - +2 flail
rCold    . . .     Gourm    .   (no shield)
rNeg     . . .     Faith    .   a - +0 hat
rPois    .         Spirit   .   (no amulet)
rElec    .         Reflect  .   (no ring)
rCorr    .         Harm     .   (no ring)
MR       .....                  (no ring)
Stlth    +++.......             (no ring)
HPRegen  0.10/turn              (no ring)
MPRegen  0.11/turn              (no ring)
                                (no ring)
                                (no ring)

@: no status effects
A: almost no armour, stealthy swim, amphibious, 8 rings, constrict 8, camouflage
1, gelatinous body 1
a: no special abilities


You were in a sewer.
You were hungry.

You visited 1 branch of the dungeon, and saw 3 of its levels.
You also visited: Sewer.

You collected 168 gold pieces.

Inventory:

Hand Weapons
 b - a +2 flail (weapon)
Missiles
 f - 3 tomahawks (quivered)
Armour
 a - a +0 hat (worn)
Scrolls
 d - 3 scrolls of immolation
 j - a scroll of remove curse {unknown}
Potions
 e - 3 potions of lignification
 g - a potion of heal wounds
 h - 2 potions of curing {unknown}
 i - a potion of might {unknown}
 m - a potion of berserk rage {unknown}
Comestibles
 c - 3 rations


   Skills:
 - Level 2.0 Dodging
 - Level 2.6 Stealth
 - Level 3.0 Spellcasting
 + Level 3.1 Conjurations
   Level 1.0 Summonings
 + Level 2.4 Translocations
 + Level 1.4 Air Magic
 + Level 1.6 Poison Magic


You had 4 spell levels left.
You knew the following spells:

 Your Spells              Type           Power        Failure   Level  Hunger
a - Magic Dart            Conj           ###.         3%          1    None
b - Blink                 Tloc           N/A          8%          2    ##.....
c - Mephitic Cloud        Conj/Pois/Air  ##......     17%         3    ###....

Your spell library contained the following spells:

 Spells                   Type           Power        Failure   Level  Hunger
 Call Imp                 Summ           #.......     13%         2    ##.....
 Slow                     Hex            #.......     21%         2    ##.....
 Conjure Flame            Conj/Fire      #.......     22%         3    ###....


Dungeon Overview and Level Annotations

Branches:
Dungeon (3/15)

Altars:


Innate Abilities, Weirdness & Mutations

You cannot wear most types of armour.
You are very stealthy in the water. (Stealth+)
You are amphibious.
You can wear up to eight rings at the same time.
You can use your tentacles to constrict eight enemies at once.
Your skin changes colour to match your surroundings (Stealth+).
Your rubbery body absorbs attacks. (AC +1, EV +1)


Message History

The crocodile is severely wounded.
The crocodile bites you!
* * * LOW HITPOINT WARNING * * *
Casting: Magic Dart (safe; 3% risk of failure)
Confirm with . or Enter, or press ? or * to list all spells.
Aiming: Magic Dart (safe; 3% risk of failure)
Press: ? - help, Shift-Dir - straight line, f/p - crocodile
Aim: a crocodile (severely wounded)
The magic dart hits the crocodile.
The crocodile is almost dead.
The crocodile barely misses you.
Casting: Magic Dart (safe; 3% risk of failure)
Confirm with . or Enter, or press ? or * to list all spells.
Aiming: Magic Dart (safe; 3% risk of failure)
Press: ? - help, Shift-Dir - straight line, f/p - crocodile
Aim: a crocodile (almost dead)
The magic dart hits the crocodile.
The crocodile is almost dead.
The crocodile bites you!
You die...

##†..## ##.##
#.# #.# #.# #.#
#.# .
#######.####....
........@t......
############....
.


You could see a crocodile.

Vanquished Creatures
  4 adders
  A river rat (D:3)
  An ooze (D:2)
  2 worms (D:2)
  2 dart slugs (D:1)
  8 leopard geckos
  3 giant cockroaches
  8 goblins
  2 hobgoblins
  3 jackals (D:3)
  7 bats
  3 frilled lizards (D:1)
  4 kobolds (D:1)
  6 rats
54 creatures vanquished.

Notes
Turn   | Place    | Note
-------+----------+-------------------------------------------
     0 | D:1      | Ijustatesigmund the Octopode Wizard began the quest for the
                  | Orb.
     0 | D:1      | Reached XP level 1. HP: 11/11 MP: 4/4
   280 | D:1      | Reached XP level 2. HP: 17/17 MP: 1/6
   284 | D:1      | Learned a level 2 spell: Blink
   900 | D:1      | Reached XP level 3. HP: 21/21 MP: 1/7
  1522 | D:1      | Learned a level 3 spell: Mephitic Cloud
  2138 | D:2      | Reached XP level 4. HP: 27/27 MP: 4/8
  2396 | D:2      | Reached skill level 1 in Poison Magic
  3585 | D:3      | Reached skill level 1 in Air Magic
  3985 | D:3      | Found a glowing drain.
  4007 | D:3      | Reached XP level 5. HP: 15/31 MP: 9/9
  4050 | Sewer    | Entered a sewer
  4208 | Sewer    | Noticed a crocodile
  4215 | Sewer    | HP: 1/31 [crocodile (14)]
  4217 | Sewer    | Mangled by a crocodile

Vault maps used:
D:1:      ebering_hopf_link
D:2:      serial_forest, infiniplex_forest_straight_5, infiniplex_forest_3_way,
          infiniplex_forest_lined_4_way, infiniplex_forest_clump_C,
          infiniplex_forest_clump_curved, infiniplex_forest_end_3,
          infiniplex_forest_lined_2, infiniplex_forest_end_3,
          infiniplex_forest_clump_double, infiniplex_forest_lined_3
D:3:      portal_sewer_entry_a
Sewer:    sewer_big_baddie

Skill      XL: |  1  2  3  4 |
---------------+-------------+-----
Conjurations   | 2 3 |  3.1
Translocations | 2 |  2.4
Poison Magic   | 1 |  1.6
Air Magic      | 1 |  1.4
Dodging        | |  2.0
Stealth        | |  2.6
Spellcasting   | |  3.0
Summonings     | |  1.0

Action                   |  1- 3 |  4- 6 || total
-------------------------+-------+-------++-------
Melee: Short sword       |    20 |       ||    20
       Constrict         |     8 |     5 ||    13
       Tentacles         |     1 |     1 ||     2
       Flail             |       |    21 ||    21
 Cast: Magic Dart        |    56 |    63 ||   119
  Use: Scroll            |       |     8 ||     8
 Stab: Sleeping          |       |     2 ||     2
  Eat: Chunk             |     3 |     6 ||     9
Armor: Skin              |     1 |    10 ||    11
Dodge: Dodged            |    14 |    25 ||    39

Table legend:
 A = Non-vault XP
 B = Vault XP
 C = Vault XP percentage of total XP
 D = Non-vault monster count
 E = Vault monster count
 F = Vault count percentage of total count
                 A         B        C        D         E       F
            +---------+---------+-------+---------+---------+-------
      Total |     147 |      25 |  14.5 |      45 |       9 |  16.7
            +---------+---------+-------+---------+---------+-------
        D:1 |      42 |       0 |   0.0 |      22 |       0 |   0.0
        D:2 |      59 |       0 |   0.0 |      12 |       0 |   0.0
        D:3 |      46 |      18 |  28.1 |      11 |       4 |  26.7
      Sewer |       0 |       7 | 100.0 |       0 |       5 | 100.0
            +---------+---------+-------+---------+---------+-------
